 Dungeon Crawl Stone Soup version 0.30-a0-883-g5ad918d77d (webtiles) character file.

Game seed: 16097410083459548431

91363 lurtze1 the Bludgeoner (level 15, -4/141 (152) HPs)
             Began as a Troll Fighter on Mar 16, 2023.
             Was the Champion of Jiyva.
             Killed from afar by a halazid warlock (12 damage)
             ... with a bolt of negative energy
             ... in the Desolation of Salt on July 21, 2023.
             The game lasted 01:00:12 (20404 turns).

lurtze1 the Bludgeoner (Troll Fighter)             Turns: 20404, Time: 01:00:12

HP:   -4/141 (152)  AC: 13    Str: 44    XL:     15   Next: 18%
MP:   18/18         EV: 13    Int:  7    God:    Jiyva [******]
Gold: 755           SH:  0    Dex:  9    Spells: 14/14 levels left

rFire   . . .      SeeInvis .    G - +9 giant spiked club (flame)
rCold   . . .      Faith    +    (shield currently unavailable)
rNeg    + . .      Spirit   .    x - +4 troll leather armour {Snorg}
rPois   +          Reflect  .    (helmet restricted)
rElec   +          Rampage  .    t - +2 ratskin cloak {*Rats rPois rN+ Str-1 Int-1 Dex+1}
rCorr   +                        (gloves unavailable)
rMut    +                        (boots unavailable)
Will    +++..                    y - amulet of faith
Stlth   +                        e - +6 ring of strength
HPRegen 3.63/turn                z - +6 ring of strength
MPRegen 0.66/turn

@: drained
A: large, unfitting armour, claws 3, regeneration 1, shaggy fur 1, tough skin 1,
talons 2, clever 1, strong-willed 2, mutation resistance 3, electricity
resistance, acidic bite
}: 1/15 runes: slimy
a: Renounce Religion, Oozemancy, Slimify


You were in the Desolation of Salt.
You worshipped Jiyva.
Jiyva was exalted by your worship.
You visited 6 branches of the dungeon, and saw 27 of its levels.
You also visited: Bailey, Volcano and Desolation.

You collected 1938 gold pieces.
You spent 1183 gold pieces at shops.

Inventory:

Hand Weapons
 j - a +1 great mace of protection
 k - a +2 dire flail of protection
 A - the +6 mace of World Downfall {distort, *Noise rN+++ Dex+6}
   (You found it on level 11 of the Dungeon)

   Dex:       It affects your dexterity (+6).
   rN:        It renders you almost immune to negative energy.
   *Noise:    It may make noises in combat.
 G - a +9 giant spiked club of flaming (weapon)
Missiles
 p - 5 throwing nets (quivered)
 s - 3 atropa-tipped darts
Armour
 t - the +2 ratskin cloak (worn) {*Rats rPois rN+ Str-1 Int-1 Dex+1}
   (You found it on level 6 of the Dungeon)

   *Rats:     When the wearer is hurt, rats may emerge from it to assist them.
   Str:       It affects your strength (-1).
   Int:       It affects your intelligence (-1).
   Dex:       It affects your dexterity (+1).
   rPois:     It protects you from poison.
   rN:        It protects you from negative energy.
 x - a +4 troll leather armour (worn) {Snorg}
 V - a +0 robe of willpower
Jewellery
 a - a ring of wizardry
 d - a ring of resist corrosion
 e - a +6 ring of strength (left claw)
 l - the ring "Yroraly" {Dex+3 SInv}
   (You found it on level 5 of the Lair of Beasts)

   [ring of see invisible]

   Dex:       It affects your dexterity (+3).
   SInv:      It lets you see invisible.
 w - an amulet of guardian spirit
 y - an amulet of faith (around neck)
 z - a +6 ring of strength (right claw)
 K - a ring of positive energy
 L - a ring of flight
 M - a ring of poison resistance
 N - a ring of ice
 O - an amulet of the acrobat
 U - a +6 ring of dexterity
Wands
 C - a wand of flame (11)
 E - a wand of mindburst (1)
 H - a wand of polymorph (21)
 S - a wand of iceblast (5)
Scrolls
 c - 3 scrolls of noise
 f - a scroll of silence
 g - 3 scrolls of vulnerability
 h - a scroll of butterflies
 i - 3 scrolls of immolation
 m - 8 scrolls of identify
 n - 5 scrolls of poison
 o - 7 scrolls of teleportation
 q - 2 scrolls of magic mapping
 r - 4 scrolls of enchant armour
 F - 3 scrolls of torment
 I - a scroll of enchant weapon
 P - a scroll of amnesia
 Q - a scroll of fear
Potions
 b - 2 potions of attraction
 u - 4 potions of curing
 v - 6 potions of brilliance
 B - 3 potions of ambrosia
 D - 2 potions of magic
 J - a potion of degeneration
 R - a potion of flight
 T - a potion of might


   Skills:
 + Level 10.4 Fighting
 + Level 18.2 Maces & Flails
 - Level 5.1 Throwing
 + Level 12.6 Dodging
 - Level 2.6 Shields
 - Level 6.0 Invocations


You had 14 spell levels left.
You didn't know any spells.
Your spell library contained the following spells:

 Spells                   Type           Power      Damage    Failure   Level
 Beastly Appendage        Tmut           0%         N/A       45%         1
 Magic Dart               Conj           0%         1d3       45%         1
 Sandblast                Erth           0%         2d4       45%         1
 Slow                     Hex            0%         N/A       45%         1
 Call Imp                 Summ           0%         N/A       58%         2
 Sublimation of Blood     Necr           0%         N/A       58%         2
 Wereblood                Tmut           0%         N/A       58%         2
 Call Canine Familiar     Summ           0%         N/A       83%         3
 Confusing Touch          Hex            0%         N/A       83%         3
 Mephitic Cloud           Conj/Pois/Air  0%         N/A       83%         3
 Portal Projectile        Hex/Tloc       0%         N/A       83%         3
 Spider Form              Tmut/Pois      0%         N/A       83%         3
 Vampiric Draining        Necr           0%         2d6       83%         3
 Anguish                  Hex/Necr       0%         N/A       99%         4
 Animate Dead             Necr           0%         N/A       99%         4
 Leda's Liquefaction      Hex/Erth       0%         N/A       99%         4
 Passage of Golubria      Tloc           0%         N/A       99%         4
 Petrify                  Tmut/Erth      0%         N/A       99%         4
 Summon Lightning Spire   Summ/Air       0%         N/A       99%         4
 Agony                    Necr           0%         N/A       100%        5
 Borgnjor's Vile Clutch   Necr/Erth      0%         N/A       100%        5
 Irradiate                Conj/Tmut      0%         3d11      100%        5
 Lee's Rapid Deconstruct  Erth           0%         3d4*      100%        5
 Metabolic Englaciation   Hex/Ice        0%         N/A       100%        5
 Silence                  Hex/Air        0%         N/A       100%        5
 Statue Form              Tmut/Erth      0%         N/A       100%        6
 Enfeeble                 Hex            0%         N/A       100%        7
 Storm Form               Tmut/Air       0%         N/A       100%        7
 Summon Hydra             Summ           0%         N/A       100%        7
 Lehudib's Crystal Spear  Conj/Erth      0%         10d2      100%        8
 Maxwell's Capacitive Co  Air            0%         ∞         100%        8
 Dragon's Call            Summ           0%         N/A       100%        9


Dungeon Overview and Level Annotations

Branches:
Dungeon (12/15)            Temple (1/1) D:6            Lair (5/5) D:11
 Shoals (0/4) Lair:2       Spider (0/4) Lair:2        Slime (5/5) Lair:4
    Orc (2/2) D:12            Elf (2/3) Orc:2        Bailey (visited)
Volcano (visited)         Desolation (1/1)

Altars:
Ashenzari
Cheibriados
Dithmenos
Elyvilon
Fedhas
Gozag
Hepliaklqana
Kikubaaqudgha
Makhleb
Nemelex Xobeh
Okawaru
Qazlal
Ru
Sif Muna
Trog
Uskayaw
Vehumet
Wu Jian
Xom
Yredelemnul
Zin
The Shining One
Jiyva

Shops:
D:9 =   D:12 ?   Elf:1 ?   Elf:2 [

Annotations:
Slime:5 Royal Jelly


Innate Abilities, Weirdness & Mutations

You are too large for most types of armour.
You have claws for hands.
Your natural rate of healing is unusually fast.
You are covered in fur. (AC +1)
You have tough skin. (AC +1)
You have razor-sharp toenails.
Your mind is acute. (Int +4, Str/Dex -1)
You are highly strong-willed. (Will++)
You are almost entirely resistant to further mutation and mutation removal.
You are resistant to electric shocks. (rElec)
You have acidic saliva.


Message History

Your hell rat barely misses the saltling.
You bludgeon the peacekeeper!! You burn the peacekeeper.
You claw the peacekeeper!
The peacekeeper is severely damaged.
The peacekeeper bites you but does no damage.
The peacekeeper closely misses you. The saltling hits your hell rat!
Your hell rat dies!
Your river rat bites the peacekeeper.
You barely miss the peacekeeper. You claw the peacekeeper.
You bite the peacekeeper, but do no damage.
The peacekeeper is severely damaged.
The peacekeeper bites you! The peacekeeper barely misses you.
Your river rat bites the peacekeeper but does no damage.
You hit the peacekeeper but do no damage.
Your bite misses the peacekeeper.
The peacekeeper is severely damaged.
The peacekeeper roars a battlecry!
The saltling goes into a battle-frenzy!
The peacekeeper bites you! The peacekeeper misses you.
Your river rat bites the peacekeeper but does no damage.
The halazid warlock points at the saltling and mumbles some strange words.
The saltling's animating energy erupts into ghostly fire!
The ghostly flame explodes!
The ghostly fireball engulfs you!! You partially resist.
You feel drained.
* * * LOW HITPOINT WARNING * * *
A river rat scurries out from under your cloak.
The ghostly fireball engulfs the peacekeeper.
The peacekeeper completely resists.
The ghostly fireball engulfs your river rat!!!
Your river rat is drained!
Your river rat dies!
The peacekeeper roars!
You hear a shout!
Okay, then.
Okay, then.
You feel better. The peacekeeper bites you!!
* * * LOW HITPOINT WARNING * * *
The peacekeeper closely misses you.
The halazid warlock points at you and mumbles some strange words.
The bolt of negative energy hits you! You partially resist.
You feel drained.
You die...

#....[ #...
.###8...###....
...............
...............
.......§§§§.§§.
.......L§§§.§§.
........)§§§§§....#
.......@r§.§§§.....
......9.§§.§§§.....
........§.§§§......
...........§§......
............§§......
.............§§......
.....................
..........#..........
...........#.........


You could see a halazid warlock, a peacekeeper (ally target) and a friendly
river rat.

Vanquished Creatures
  A deep elf death mage (Elf:1)
  Snorg (D:10)
  A ragged hierophant (Elf:2)
  A peacekeeper (Desolation)
  Fannar (Lair:2)
  2 hydras
  A servant of whispers (Desolation)
  2 two-headed ogres
  A catoblepas (Lair:4)
  11 dancing weapons
  The ghost of MrShunz the Covert, a journeyman VSBr of Uskayaw (D:9)
  An orc high priest (Elf:1)
  Sonja (Lair:1)
  3 deep elf knights
  4 skysharks
  A goliath frog (Lair:5)
  Lodul (D:11)
  A pharaoh ant (Lair:2)
  2 lindwurms (Volcano)
  4 deep elf archers (Elf:1)
  2 necromancers (Elf:1)
  9 deep elf pyromancers
  7 deep elf zephyrmancers
  An orc sorcerer (Orc:1)
  2 cyclopes
  A manticore (Lair:2)
  A torpor snail (Lair:5)
  Joseph (D:10)
  4 elephants (Lair:3)
  A black mamba (Lair:5)
  3 gargoyles
  4 molten gargoyles (Volcano)
  2 large abominations (Elf:1)
  19 cane toads
  2 rime drakes (Lair:3)
  9 komodo dragons
  3 kobold demonologists
  Psyche (D:12)
  2 efreet (Volcano)
  A polar bear (Lair:5)
  3 tyrant leeches (Lair:5)
  2 tarantellas (Lair:2)
  30 blink frogs
  8 saltlings
  A wind drake (Lair:2)
  8 dream sheep
  5 slime creatures
  2 air elementals (Elf:1)
  Sigmund (D:2)
  3 wyverns
  3 wraiths
  A shadow (D:12)
  7 fire elementals
  2 basilisks
  20 yaks
  A steam dragon (D:9)
  A redback (Lair:2)
  12 vampire mosquitoes
  2 wargs
  14 water moccasins
  An ice beast (D:8)
  6 black bears
  18 orc warriors
  10 ogres
  16 wolves
  4 phantoms (D:5)
  2 centaurs
  8 kobold brigands
  4 elf zombies (Elf:1)
  Blork the orc (D:5)
  15 bullfrogs
  4 gnoll sergeants
  6 scorpions
  3 earth elementals
  10 wights
  5 killer bees
  6 howler monkeys
  2 electric eels
  A crimson imp (D:6)
  6 jellies
  7 hounds
  8 orc priests
  8 iguanas
  4 hell rats (D:6)
  3 sleepcaps
  11 orc wizards
  Robin (D:2)
  12 gnolls
  11 adders
  22 river rats (D:6)
  2 shadow imps
  A white imp (D:5)
  2 ufetubi (D:5)
  2 worms
  5 dart slugs
  55 orcs
  7 ball pythons
  5 endoplasms
  A giant cockroach (D:1)
  13 goblins
  11 hobgoblins
  23 kobolds
  A quokka (D:5)
  4 bats (D:1)
  3 frilled lizards
  A goblin skeleton (D:6)
  A goblin zombie (D:6)
  A hobgoblin zombie (D:6)
  2 kobold skeletons (D:6)
  2 orc skeletons (D:6)
  3 orc zombies (D:6)
  4 rats
  A fire vortex (Volcano)
607 creatures vanquished.

Vanquished Creatures (collateral kills)
  A deep elf archer (Elf:1)
  A black mamba (Lair:5)
  An air elemental (Elf:1)
  A yak (Lair:4)
  An orc warrior (Bailey)
  2 bullfrogs
  An earth elemental (Volcano)
  2 killer bees (D:9)
  2 jellies
  2 orcs
14 creatures vanquished.

Vanquished Creatures (others)
  A dream sheep (Lair:4)
  A saltling (Desolation)
  A water moccasin (Lair:3)
  2 bullfrogs
  29 jellies
  2 electric eels (Lair:3)
  2 orc wizards (Orc:1)
  2 gnolls (Orc:1)
  An orc (D:3)
  2 bushes
  3 fire vortices (Volcano)
  74 fungi
  151 plants
271 creatures vanquished.

Grand Total: 892 creatures vanquished

Notes
Turn   | Place    | Note
-------+----------+-------------------------------------------
     0 | D:1      | lurtze1 the Troll Fighter began the quest for the Orb.
     0 | D:1      | Reached XP level 1. HP: 22/22 MP: 0/0
    43 | D:1      | Reached skill level 2 in Maces & Flails
    92 | D:1      | Reached XP level 2. HP: 29/29 MP: 1/1
   219 | D:1      | Reached skill level 3 in Maces & Flails
   554 | D:1      | Reached XP level 3. HP: 36/36 MP: 2/2
   690 | D:2      | Noticed Robin
   701 | D:2      | Killed Robin
   763 | D:2      | Found a faded altar of an unknown god.
   763 | D:2      | Noticed Sigmund
   773 | D:2      | Killed Sigmund
   774 | D:2      | Reached skill level 5 in Maces & Flails
   774 | D:2      | Reached XP level 4. HP: 20/44 MP: 3/3
   774 | D:2      | Reached XP level 5. HP: 23/50 MP: 4/4
  1077 | D:2      | Reached XP level 6. HP: 32/59 MP: 5/5
  1229 | D:2      | Reached skill level 6 in Maces & Flails
  2599 | D:3      | Reached skill level 7 in Maces & Flails
  2599 | D:3      | Reached XP level 7. HP: 18/66 MP: 6/6
  3389 | D:5      | Entered Level 5 of the Dungeon
  3518 | D:5      | Reached skill level 8 in Maces & Flails
  3736 | D:5      | Reached XP level 8. HP: 37/74 MP: 7/7
  3737 | D:5      | Reached skill level 9 in Maces & Flails
  4439 | D:5      | Reached skill level 10 in Maces & Flails
  4695 | D:5      | Noticed Blork the orc
  4711 | D:5      | Killed Blork the orc
  4801 | D:5      | Reached XP level 9. HP: 67/80 MP: 8/8
  4840 | D:5      | Reached skill level 11 in Maces & Flails
  4959 | D:6      | Found a staircase to the Ecumenical Temple.
  4969 | Temple   | Entered the Ecumenical Temple
  5182 | Temple   | Became a worshipper of Elyvilon the Healer
  5282 | D:6      | Found a glowing golden altar of the Shining One.
  5817 | D:6      | Found the +2 ratskin cloak {*Rats rPois rN+ Str-1 Int-1
                  | Dex+1}
  5912 | D:6      | Found a shimmering blue altar of Sif Muna.
  5915 | D:6      | Found a broken altar of Ashenzari.
  5918 | D:6      | Found an ornate altar of the Wu Jian Council.
  6111 | D:6      | Reached * piety under Elyvilon
  6477 | D:6      | Reached skill level 12 in Maces & Flails
  6749 | D:7      | Found a flagged portal.
  6775 | Bailey   | Entered a bailey
  6850 | Bailey   | Reached skill level 13 in Maces & Flails
  6998 | Bailey   | Reached XP level 10. HP: 15/88 MP: 9/9
  7114 | Bailey   | HP: 4/88 [orc warrior/+0 glaive (18)]
  7130 | Bailey   | HP: 1/88 [orc warrior/+0 glaive (8)]
  7247 | D:7      | Reached ** piety under Elyvilon
  7364 | D:7      | Identified the +3 long sword of the Valley {distort, Fly}
  7919 | D:8      | Noticed a two-headed ogre
  7924 | D:8      | Reached skill level 14 in Maces & Flails
  7945 | D:8      | Killed a two-headed ogre
  8013 | D:8      | Reached *** piety under Elyvilon
  8445 | D:9      | Found an opulent altar of Gozag.
  8448 | D:9      | Found a snail-covered altar of Cheibriados.
  8448 | D:9      | Found a shimmering altar of Xom.
  8602 | D:8      | Reached skill level 1 in Invocations
  8678 | D:9      | Found Dasug's Jewellery Boutique.
  8874 | D:9      | Noticed a rust devil
  8944 | D:9      | Found a runed translucent gate.
  8945 | D:9      | Found a runed translucent gate.
  8945 | D:9      | Found a runed translucent gate.
  8947 | D:9      | Noticed MrShunz's ghost (journeyman VSBr)
  9080 | D:9      | Reached XP level 11. HP: 74/92 MP: 11/11
  9186 | D:9      | Found a shadowy altar of Dithmenos.
  9202 | D:9      | Found a sacrificial altar of Ru.
  9371 | D:9      | Found a viscous altar of Jiyva.
  9412 | D:10     | Entered Level 10 of the Dungeon
  9423 | D:10     | Reached **** piety under Elyvilon
  9437 | D:10     | Noticed Joseph
  9461 | D:10     | Killed Joseph
  9571 | D:10     | Noticed a sun demon
  9680 | D:9      | Noticed a sun demon
  9791 | D:10     | Noticed Snorg
  9801 | D:10     | Killed Snorg
 10318 | D:11     | Identified the +6 mace of World Downfall {distort, *Noise
                  | rN+++ Dex+6}
 10325 | D:11     | Found a staircase to the Lair.
 10354 | D:11     | Reached skill level 15 in Maces & Flails
 10616 | D:11     | Noticed Lodul
 10673 | D:11     | Reached ***** piety under Elyvilon
 10837 | D:11     | Killed Lodul
 11238 | D:12     | Noticed Psyche
 11241 | D:12     | Paralysed by something for 4 turns
 11246 | D:12     | Killed Psyche
 11268 | D:12     | Reached skill level 5 in Fighting
 11268 | D:12     | Reached skill level 5 in Dodging
 11321 | D:12     | Noticed a two-headed ogre
 11331 | D:12     | Killed a two-headed ogre
 11480 | D:12     | Found a staircase to the Orcish Mines.
 11553 | D:12     | Reached skill level 5 in Invocations
 11601 | D:12     | Reached XP level 12. HP: 82/111 MP: 14/14
 11632 | D:12     | Found Sitin's Magic Scroll Boutique.
 11642 | D:12     | Bought a scroll of acquirement for 832 gold pieces
 11763 | D:12     | Acquired a manual of Dodging
 11920 | D:9      | Killed MrShunz's ghost
 11932 | D:9      | Fell from the grace of Elyvilon
 11932 | D:9      | Became a worshipper of Jiyva Joliux the Shapeless
 12044 | Lair:1   | Entered Level 1 of the Lair of Beasts
 12093 | Lair:1   | Noticed Sonja
 12130 | Lair:1   | Killed Sonja
 12399 | Lair:1   | Reached * piety under Jiyva
 12583 | Lair:1   | Reached ** piety under Jiyva
 13086 | Lair:2   | Found a hole to the Spider Nest.
 13096 | Lair:2   | Reached skill level 16 in Maces & Flails
 13262 | Lair:2   | Reached *** piety under Jiyva
 13319 | Lair:2   | Found a staircase to the Shoals.
 13389 | Lair:2   | Gained mutation: You passively dampen the noise of your
                  | surroundings. [Jiyva's grace]
 13389 | Lair:2   | Gained mutation: You are partially covered in iridescent
                  | scales. (AC +2) [Jiyva's grace]
 13389 | Lair:2   | Gained mutation: You are mostly covered in iridescent
                  | scales. (AC +4) [Jiyva's grace]
 13389 | Lair:2   | Gained mutation: You are completely covered in iridescent
                  | scales. (AC +6) [Jiyva's grace]
 13390 | Lair:2   | Noticed Fannar
 13401 | Lair:2   | Killed Fannar
 13402 | Lair:2   | Reached XP level 13. HP: 118/124 MP: 16/16
 13841 | Lair:3   | Reached **** piety under Jiyva
 14617 | Lair:3   | Reached skill level 10 in Dodging
 14686 | Lair:4   | Reached ***** piety under Jiyva
 14770 | Lair:4   | Found a staircase to the Slime Pits.
 14779 | Lair:4   | Lost mutation: You are completely covered in iridescent
                  | scales. (AC +6) [Jiyva's grace]
 14779 | Lair:4   | Lost mutation: You are mostly covered in iridescent scales.
                  | (AC +4) [Jiyva's grace]
 14779 | Lair:4   | Lost mutation: You are partially covered in iridescent
                  | scales. (AC +2) [Jiyva's grace]
 14779 | Lair:4   | Lost mutation: You passively dampen the noise of your
                  | surroundings. [Jiyva's grace]
 14779 | Lair:4   | Gained mutation: You have sharp toenails. [Jiyva's grace]
 14779 | Lair:4   | Gained mutation: You have razor-sharp toenails. [Jiyva's
                  | grace]
 14779 | Lair:4   | Gained mutation: You have claws for feet. [Jiyva's grace]
 14779 | Lair:4   | Gained mutation: You have a small jelly attached to you
                  | that may absorb projectiles. [Jiyva's grace]
 15413 | Slime:1  | Entered Level 1 of the Pits of Slime
 15413 | Slime:1  | Noticed an acid blob
 15436 | Slime:1  | Noticed a quicksilver ooze
 15439 | Slime:1  | Noticed a rockslime
 15455 | Slime:1  | Noticed a rockslime
 15591 | Slime:2  | Noticed a rockslime
 15591 | Slime:2  | Noticed a quicksilver ooze
 15617 | Slime:2  | Noticed a rockslime
 15621 | Slime:2  | Noticed an azure jelly
 15630 | Slime:2  | Noticed a quicksilver ooze
 15632 | Slime:2  | Noticed an azure jelly
 15636 | Slime:2  | Noticed an acid blob
 15638 | Slime:2  | Noticed an azure jelly
 15640 | Slime:2  | Noticed a quicksilver ooze
 15645 | Slime:2  | Noticed a rockslime
 15696 | Slime:2  | Found a viscous altar of Jiyva.
 15900 | Slime:3  | Noticed a quicksilver ooze
 15915 | Slime:3  | Noticed an acid blob
 15922 | Slime:3  | Noticed an acid blob
 15936 | Slime:3  | Noticed a quicksilver ooze
 15989 | Slime:3  | Noticed a rockslime
 16080 | Slime:3  | Noticed a rockslime
 16159 | Slime:4  | Noticed an acid blob
 16165 | Slime:4  | Noticed an acid blob
 16185 | Slime:4  | Noticed an acid blob
 16186 | Slime:4  | Noticed an acid blob
 16422 | Slime:5  | Entered Level 5 of the Pits of Slime
 16422 | Slime:5  | Noticed a quicksilver ooze
 16448 | Slime:5  | Noticed an acid blob
 16472 | Slime:5  | Noticed an azure jelly
 16477 | Slime:5  | Noticed an acid blob
 16487 | Slime:5  | Noticed the Royal Jelly
 16505 | Slime:5  | Noticed an acid blob
 16508 | Slime:5  | Noticed an acid blob
 16520 | Slime:5  | Found a viscous altar of Jiyva.
 16525 | Slime:5  | Found the +6 arbalest "Damnation" {damnation}
 16537 | Slime:5  | Noticed an acid blob
 16569 | Slime:5  | Noticed an acid blob
 16577 | Slime:5  | Noticed an azure jelly
 16618 | Slime:5  | Noticed an acid blob
 16644 | Slime:5  | Noticed a quicksilver ooze
 16652 | Slime:5  | Noticed an acid blob
 16754 | Lair:5   | Entered Level 5 of the Lair of Beasts
 16779 | Lair:5   | Found a dark tunnel.
 16787 | Volcano  | Entered a volcano
 17265 | Lair:5   | Reached skill level 1 in Throwing
 17359 | Lair:5   | Reached skill level 17 in Maces & Flails
 17530 | Lair:5   | Reached XP level 14. HP: 130/140 MP: 17/17
 17533 | Lair:5   | Gained mutation: You have acidic saliva. [Jiyva's grace]
 17533 | Lair:5   | Gained mutation: You have a pair of small antennae on your
                  | head. [Jiyva's grace]
 17533 | Lair:5   | Gained mutation: You have a pair of antennae on your head.
                  | [Jiyva's grace]
 17533 | Lair:5   | Gained mutation: You have a pair of large antennae on your
                  | head. (SInv) [Jiyva's grace]
 17551 | Lair:5   | Reached ****** piety under Jiyva
 17825 | Lair:5   | Identified the ring "Yroraly" {Dex+3 SInv}
 18048 | Lair:5   | Identified the +0 robe of Atheism {Str+5}
 18364 | Slime:5  | Identified the +10 scimitar of Fingeahe {flame, rElec
                  | rPois}
 18367 | Slime:5  | Identified the +6 broad axe of Tosur {elec, rElec rC+
                  | rCorr}
 18373 | Slime:5  | Got a slimy rune of Zot
 18398 | Slime:5  | Got the Parchment of Solid Companions
 18650 | Orc:1    | Entered Level 1 of the Orcish Mines
 18721 | Orc:2    | Entered Level 2 of the Orcish Mines
 18780 | Orc:2    | Found a staircase to the Elven Halls.
 18789 | Elf:1    | Entered Level 1 of the Elven Halls
 18880 | Elf:1    | Paralysed by an air elemental for 1 turns
 18946 | Elf:1    | Lost mutation: You have a pair of large antennae on your
                  | head. (SInv) [Jiyva's grace]
 18946 | Elf:1    | Lost mutation: You have a small jelly attached to you that
                  | may absorb projectiles. [Jiyva's grace]
 18946 | Elf:1    | Gained mutation: You are strong-willed. (Will+) [Jiyva's
                  | grace]
 18946 | Elf:1    | Gained mutation: You are highly strong-willed. (Will++)
                  | [Jiyva's grace]
 18946 | Elf:1    | Gained mutation: You are extremely strong-willed. (Will+++)
                  | [Jiyva's grace]
 18946 | Elf:1    | Gained mutation: Your mind is acute. (Int +4, Str/Dex -1)
                  | [Jiyva's grace]
 19021 | Elf:1    | Paralysed by an air elemental for 1 turns
 19133 | Elf:1    | Got Sif Muna's Treatise on Misery
 19217 | Elf:1    | Paralysed by an air elemental for 1 turns
 19220 | Elf:1    | Paralysed by an air elemental for 1 turns
 19345 | Elf:1    | Reached skill level 10 in Fighting
 19345 | Elf:1    | Reached skill level 5 in Throwing
 19470 | Elf:1    | Found Yqevis's Magic Scroll Boutique.
 19478 | Elf:1    | Bought a scroll of enchant weapon for 120 gold pieces
 19478 | Elf:1    | Bought a scroll of enchant armour for 120 gold pieces
 19755 | Elf:2    | Found a crumbling gateway.
 19878 | Elf:2    | Reached skill level 18 in Maces & Flails
 20012 | Elf:2    | Reached XP level 15. HP: 82/149 MP: 18/18
 20066 | Elf:2    | Lost mutation: You have a pair of antennae on your head.
                  | [Jiyva's grace]
 20066 | Elf:2    | Lost mutation: You have a pair of small antennae on your
                  | head. [Jiyva's grace]
 20066 | Elf:2    | Lost mutation: You have claws for feet. [Jiyva's grace]
 20066 | Elf:2    | Lost mutation: You are extremely strong-willed. (Will+++)
                  | [Jiyva's grace]
 20066 | Elf:2    | Gained mutation: You are somewhat resistant to further
                  | mutation. [Jiyva's grace]
 20066 | Elf:2    | Gained mutation: You are somewhat resistant to both further
                  | mutation and mutation removal. [Jiyva's grace]
 20066 | Elf:2    | Gained mutation: You are almost entirely resistant to
                  | further mutation and mutation removal. [Jiyva's grace]
 20066 | Elf:2    | Gained mutation: You are resistant to electric shocks.
                  | (rElec) [Jiyva's grace]
 20245 | Elf:2    | Found Osmogeun's Antique Armour Boutique.
 20251 | Elf:2    | Bought an embroidered robe for 111 gold pieces
 20353 | Desolati | Entered the Desolation of Salt
 20404 | Desolati | Killed from afar by a halazid warlock

Illustrated notes

Levels and vault maps discovered:
D:1:      dpeg_arrival_leaves_temple_mockup, layout_basic
D:2:      layout_basic, hellmonk_ecumenical_altar_blasted, uniq_robin,
          uniq_sigmund
D:3:      layout_basic
D:4:      layout_loops_ring, serial_bayou_pond_d, lexackson_kobold_supper
D:5:      minmay_thick_lines, layout_basic, hangedman_decor_slide_cut,
          minmay_divided_ellipse, uniq_blork_the_orc
D:6:      wander_guarded_unrand_ratskin, layout_gridville,
          grunt_temple_overflow_diamond, nicolae_tso_besieged_by_evil,
          minmay_temple_entry_glass
D:7:      layout_rooms, enter_bailey_2
D:8:      layout_loops_ring
D:9:      layout_cave_pools, grunt_temple_overflow_open, gammafunk_ghost_ooze,
          serial_rivers, chequers_serial_rivers_large_a,
          chequers_serial_rivers_micro_c, chequers_serial_rivers_marsh,
          chequers_serial_rivers_micro_b, chequers_serial_rivers_micro_b,
          serial_shops, nicolae_lakefront_shop
D:10:     layout_rooms, uniq_snorg, uniq_joseph
D:11:     layout_long_grid, lair_entry_dummy, uniq_lodul
D:12:     layout_loops_ring, orc_0_dummy, serial_shops, shop, solitary_fountain,
          st_stairs_4, uniq_psyche
Temple:   nicolae_temple_bog_church
Lair:1:   layout_cave_pods, grunt_megastairs_1, lemuel_fruit_tree, uniq_sonja
Lair:2:   layout_chaotic_city, minmay_shoals_entry_beasts,
          nicolae_spider_entry_lesser_pyramids, grunt_megastairs_2, uniq_fannar
Lair:3:   layout_misc_corridors, infiniplex_staircase_pool, serial_bayou_shore_a
Lair:4:   layout_regular_city, slime_entry_1, grunt_megastairs_3
Lair:5:   minmay_lair_end_frog_pond, layout_gridlike,
          lightli_volcano_entry_magma_tube, gammafunk_lair_bear_cave
Slime:1:  layout_caves
Slime:2:  layout_caves, basic_altar
Slime:3:  layout_caves
Slime:4:  layout_caves
Slime:5
Orc:1:    layout_diamond_mine
Orc:2:    kennysheep_orc_mage_school, layout_caves, hellmonk_bongcloud_opening
Elf:1:    eino_elf_arrival_sip, layout_gridlike, serial_shops, shop,
          minmay_elf_necromancy
Elf:2:    nicolae_elf_blades_crystal_corner, layout_loops_corners, serial_shops,
          shop, portal_desolation_entry_salt
Desolation

Skill      XL: |  1  2  3  4  5  6  7  8  9 10 11 12 13 14 |
---------------+-------------------------------------------+-----
Maces & Flails | 2 3 5 7 8 10 13 14 15 16 17 18 | 18.2
Invocations    | 2 5 6 |  6.0
Fighting       | 3 5 7 9 10 | 10.4
Dodging        | 3 5 9 11 12 | 12.6
Throwing       | 2 5 |  5.1
Shields        | |  2.6

Action                     |  1- 3 |  4- 6 |  7- 9 | 10-12 | 13-15 || total
---------------------------+-------+-------+-------+-------+-------++-------
  Melee: Flail             |   111 |   137 |    61 |       |       ||   309
         Great mace        |       |       |   424 |   348 |       ||   772
         Giant spiked club |       |       |       |   266 |   512 ||   778
         Kick              |       |       |       |       |    89 ||    89
         Bite              |       |       |       |       |    18 ||    18
  Throw: Javelin           |     6 |       |     5 |       |     3 ||    14
         Dart              |       |       |       |    36 |    36 ||    72
 Invoke: Heal Self         |       |       |       |     2 |       ||     2
    Use: Potion            |     1 |     3 |     7 |    11 |     4 ||    26
         Scroll            |       |       |    13 |    17 |     8 ||    38
   Stab: Sleeping          |     1 |       |     1 |       |       ||     2
         Distracted        |       |       |     1 |     1 |     1 ||     3
         Invisible         |       |       |       |     1 |       ||     1
         Petrified         |       |       |       |       |     2 ||     2
 Armour: Robe              |    44 |    37 |   197 |   183 |       ||   461
         Troll leather arm |       |       |       |   137 |   236 ||   373
  Dodge: Dodged            |    43 |    67 |   314 |   425 |   331 ||  1180
  Block: Kite shield       |    65 |    54 |    16 |       |       ||   135

Table legend: (Time is in decaauts)
 A = Elapsed time spent in this place.
 B = Non-inter-level travel time spent in this place.
 C = Inter-level travel time spent in this place.
 D = Time resting spent in this place.
 E = Time spent auto-exploring this place.
 F = Levels seen in this place.
 G = Mean time per level.
                   A        B        C        D        E       F      G
               +--------+--------+--------+--------+--------+-----+--------+
         Total |  20460 |  19032 |   1428 |   1318 |  12504 |  30 |  682.0 |
       Dungeon |  11378 |  10547 |    831 |    666 |   7007 |  12 |  948.2 |
        Temple |    391 |    391 |      0 |    107 |    157 |   1 |  391.0 |
          Lair |   4660 |   4265 |    395 |    199 |   3047 |   5 |  932.0 |
    Slime Pits |   1503 |   1322 |    181 |      0 |   1161 |   5 |  300.6 |
  Orcish Mines |    135 |    135 |      0 |      0 |     78 |   2 |   67.5 |
   Elven Halls |   1555 |   1534 |     21 |     66 |    924 |   2 |  777.5 |
        Bailey |    423 |    423 |      0 |    151 |     90 |   1 |  423.0 |
       Volcano |    362 |    362 |      0 |    116 |     35 |   1 |  362.0 |
    Desolation |     48 |     48 |      0 |     12 |      5 |   1 |   48.0 |
               +--------+--------+--------+--------+--------+-----+--------+

Top non-repeatable levels by time:
     D:5: 1446 daAuts
     D:6: 1332 daAuts
     D:9: 1268 daAuts
     D:4: 1122 daAuts
   Elf:1: 1085 daAuts
  Lair:5: 1050 daAuts
  Lair:1: 1001 daAuts
     D:8: 998 daAuts
     D:3: 943 daAuts
  Lair:4: 925 daAuts
  Lair:2: 918 daAuts
     D:2: 861 daAuts
    D:11: 785 daAuts
    D:12: 774 daAuts
  Lair:3: 765 daAuts
